 Dungeon Crawl Stone Soup version 0.28-a0-667-g162e43154e (webtiles) character file.

Game seed: 5942019841597748790

48 Lekart the Skirmisher (level 3, 0/33 HPs)
             Began as a Draconian Fighter on Oct 17, 2021.
             Succumbed to an adder's poison
             ... on level 2 of the Dungeon.
             The game lasted 00:01:10 (1530 turns).

Lekart the Skirmisher (Draconian Fighter)           Turns: 1530, Time: 00:01:11

Health: 0/33       AC:  5    Str: 19    XL:     3   Next: 50%
Magic:  3/3        EV: 12    Int:  8    God:
Gold:   11         SH:  4    Dex: 10    Spells: 2/2 levels left

rFire   . . .      SeeInvis .   a - +0 long sword
rCold   . . .      Faith    .   b - +0 buckler
rNeg    . . .      Spirit   .   (armour unavailable)
rPois   .          Reflect  .   (helmet restricted)
rElec   .          Harm     .   (no cloak)
rCorr   .          Rampage  .   (no gloves)
Will    .....                   (no boots)
Stlth   +.........              (no amulet)
HPRegen 0.11/turn               (no ring)
MPRegen 0.08/turn               (no ring)

@: lethally poisoned (0 -> -1), flying
A: AC +5, unfitting armour, cold-blooded
a: no special abilities


You were on level 2 of the Dungeon.
You visited 1 branch of the dungeon, and saw 2 of its levels.

You collected 11 gold pieces.

Inventory:

Hand Weapons
 a - a +0 long sword (weapon)
Armour
 b - a +0 buckler (worn)
Scrolls
 e - a scroll of silence {unknown}
 f - a scroll of enchant weapon {unknown}
Potions
 c - 2 potions of might


   Skills:
 + Level 3.7 Fighting
 + Level 2.7 Long Blades
 + Level 3.1 Dodging
 + Level 3.3 Shields


You had 2 spell levels left.
You didn't know any spells.
Your spell library contained the following spells:

 Spells                   Type           Power      Damage    Failure   Level
 Blink                    Tloc           N/A        N/A       56%         2
 Manifold Assault         Tloc           0%         N/A       100%        5
 Storm Form               Tmut/Air       0%         N/A       100%        7


Dungeon Overview and Level Annotations

Branches:
Dungeon (2/15)

Altars:
Hepliaklqana


Innate Abilities, Weirdness & Mutations

Your plain brown scales are hard. (AC +5)
You cannot fit into any form of body armour.
You are cold-blooded and may be slowed by cold attacks.


Message History

You are too injured to fight recklessly!
You are too injured to fight recklessly!
You are too injured to fight recklessly!
You are too injured to fight recklessly!
You are too injured to fight recklessly!
You are too injured to fight recklessly!
You closely miss the frilled lizard.
You feel sick. The quokka barely misses you.
The frilled lizard closely misses you. The adder bites you.
You are more poisoned.
The adder poisons you!
You miss the frilled lizard.
Your tail-slap misses the frilled lizard.
You feel sick. The quokka barely misses you. You block the adder's attack.
The frilled lizard closely misses you. The quokka completely misses you.
The adder barely misses you.
You hit the frilled lizard but do no damage.
You feel sick. You block the frilled lizard's attack.
You block the quokka's attack. The adder bites you but does no damage.
The frilled lizard bites you.
* * * LOW HITPOINT WARNING * * *
You miss the frilled lizard.
You feel sick. The adder bites you but does no damage.
The quokka bites you but does no damage.
The adder bites you.
* * * LOW HITPOINT WARNING * * *
You block the quokka's attack. The frilled lizard bites you.
* * * LOW HITPOINT WARNING * * *
It was a potion of flight.
You feel very buoyant.
You fly up into the air.
* * * LOW HITPOINT WARNING * * *
You feel sick. The adder bites you but does no damage.
You block the quokka's attack.
The frilled lizard bites you but does no damage.
The adder bites you but does no damage.
Okay, then.
You slash the adder!
You kill the adder!
You die...

....####.#.#.## #
##...######.# #
##♣..∩..♣..♣
.######..........
.................
.######...8..∩..∩
#..........
#..........
#..@∩..8...
......r.l......
#####..........
#∩..8..8...
#..........
#..........
....♣..∩.._
.....#####..


You could see a quokka and a frilled lizard.

Vanquished Creatures
  A gnoll (D:2)
  2 adders (D:2)
  4 endoplasms
  2 giant cockroaches
  2 goblins
  2 hobgoblins
  3 jackals (D:1)
  A quokka (D:1)
  5 ball pythons
  A bat (D:2)
  A frilled lizard (D:1)
  2 kobolds
  5 rats
31 creatures vanquished.

Notes
Turn   | Place    | Note
-------+----------+-------------------------------------------
     0 | D:1      | Lekart the Draconian Fighter began the quest for the Orb.
     0 | D:1      | Reached XP level 1. HP: 19/19 MP: 1/1
   372 | D:1      | Reached XP level 2. HP: 26/26 MP: 2/2
  1083 | D:2      | Found a hazy altar of Hepliaklqana.
  1157 | D:2      | Reached XP level 3. HP: 28/33 MP: 3/3
  1517 | D:2      | Found a faded altar of an unknown god.
  1529 | D:2      | HP: 1/33 [poisoned by an adder]
  1530 | D:2      | Succumbed to an adder's poison

Illustrated notes

Levels and vault maps discovered:
D:1:      dpeg_arrival_tiny_a, layout_basic
D:2:      layout_loops_ring, basic_altar, hellmonk_ecumenical_altar_arch_garden,
          serial_glass, glass_columns_b, glass_columns_a, uniq_terence

Skill      XL: |  1  2 |
---------------+-------+-----
Dodging        | 3 |  3.1
Fighting       | |  3.7
Long Blades    | |  2.7
Shields        | |  3.3

Action                   || total
-------------------------++-------
Melee: Long sword        ||    91
       Tailslap          ||    13
  Use: Potion            ||     1
 Stab: Sleeping          ||     2
Armor: Skin              ||    23
Dodge: Dodged            ||    84
Block: Buckler           ||    27

Table legend: (Time is in decaauts)
 A = Elapsed time spent in this place.
 B = Non-inter-level travel time spent in this place.
 C = Inter-level travel time spent in this place.
 D = Time resting spent in this place.
 E = Time spent auto-exploring this place.
 F = Levels seen in this place.
 G = Mean time per level.
                   A        B        C        D        E       F      G
               +--------+--------+--------+--------+--------+-----+--------+
         Total |   1560 |   1525 |     35 |    223 |   1071 |   2 |  780.0 |
       Dungeon |   1560 |   1525 |     35 |    223 |   1071 |   2 |  780.0 |
               +--------+--------+--------+--------+--------+-----+--------+

Top non-repeatable levels by time:
     D:1: 1287 daAuts
     D:2: 273 daAuts
